 Dungeon Crawl Stone Soup version 0.29.1-15-g9cfb28693d (webtiles) character file.

Game seed: 2297238179695919121

352 Atelerd the Digger (level 6, -1/36 HPs)
             Began as an Octopode Earth Elementalist on Mar 8, 2023.
             Slain by an iguana (10 damage)
             ... on level 4 of the Dungeon.
             The game lasted 00:05:19 (4460 turns).

Atelerd the Digger (Octopode Earth Elementalist)    Turns: 4460, Time: 00:05:19

Health: -1/36      AC:  1    Str:  5 (7)  XL:     6   Next: 62%
Magic:  4/10       EV: 13    Int: 18 (20) God:
Gold:   211        SH:  5    Dex: 11 (12) Spells: 6/11 levels left

rFire   + . .      SeeInvis .   g - +0 dagger
rCold   . . .      Faith    .   (no shield)
rNeg    . . .      Spirit   .   (helmet restricted)
rPois   .          Reflect  +   m - amulet of reflection
rElec   .          Harm     .   d - ring of protection from fire
rCorr   .          Rampage  .   (no ring)
Will    .....                   (no ring)
Stlth   ++++......              (no ring)
HPRegen 0.12/turn               (no ring)
MPRegen 0.12/turn               (no ring)
                                (no ring)
                                (no ring)

@: weak-willed
A: almost no armour, amphibious, 8 rings, camouflage 1, gelatinous body 1,
(nimble swimmer 1), tentacles
a: no special abilities


You were on level 4 of the Dungeon.
You visited 1 branch of the dungeon, and saw 4 of its levels.

You collected 211 gold pieces.

Inventory:

Hand Weapons
 g - a +0 dagger (weapon)
Jewellery
 d - a ring of protection from fire (left tentacle)
 m - an amulet of reflection (around mantle)
 s - an amulet of magic regeneration
Scrolls
 b - 8 scrolls of identify {unknown}
 c - a scroll of enchant weapon {unknown}
 e - 2 scrolls of vulnerability
 h - 4 scrolls of poison {unknown}
 n - a scroll of teleportation {unknown}
 o - a scroll of summoning {unknown}
 q - a scroll of fear {unknown}
 r - a scroll of immolation {unknown}
Potions
 a - a potion of magic
 i - 2 potions of invisibility {unknown}
 j - 2 potions of degeneration
 k - a potion of brilliance {unknown}
 l - a potion of attraction {unknown}
 p - a potion of berserk rage {unknown}
 t - 2 potions of heal wounds {unknown}


   Skills:
 - Level 0.1 Fighting
 - Level 2.0 Dodging
 * Level 4.9 Stealth
 + Level 3.2 Spellcasting
 - Level 3.0 Transmutations
 * Level 5.0 Earth Magic


You had 6 spell levels left.
You knew the following spells:

 Your Spells              Type           Power      Damage    Failure   Level
a - Sandblast             Erth           42%        2d11      1%          1
p - Petrify               Tmut/Erth      17%        N/A       30%         4

Your spell library contained the following spells:

 Spells                   Type           Power      Damage    Failure   Level
 Passwall                 Tmut/Erth      14%        N/A       4%          2
 Stone Arrow              Conj/Erth      24%        3d8       17%         3
 Ensorcelled Hibernation  Hex/Ice        4%         N/A       24%         2
 Spider Form              Tmut/Pois      8%         N/A       26%         3
 Anguish                  Hex/Necr       1%         N/A       85%         4


Dungeon Overview and Level Annotations

Branches:
Dungeon (4/15)
 Temple: D:4-7

Altars:
Xom

Shops:
D:2 [

Annotations:
D:2 exclusion: 3 downstairs
D:4 Dowan


Innate Abilities, Weirdness & Mutations

You cannot wear most types of armour.
You are amphibious.
You can wear up to eight rings at the same time.
Your skin changes colour to match your surroundings (Stealth+).
Your rubbery body absorbs attacks. (AC +1, EV +1)
((You are camouflaged when in or above water. (Stealth+)))
You have tentacles for arms and can constrict up to eight enemies at once.


Message History

Press: ? - help, Shift-Dir - straight line, f - ball python
Aim: a ball python (constricting you, weak-willed, 81% to hit)
The blast of sand hits the ball python!
You kill the ball python!
Dowan casts a spell at you. The stone arrow hits you!
* * * LOW HITPOINT WARNING * * *
Dowan barely misses you.
It was a potion of degeneration.
There was something very wrong with that liquid.
You feel weakened.
You feel dopey.
You feel clumsy. Dowan hits you but does no damage. You block Dowan's attack.
You feel better. You block Dowan's attack.
Casting: Sandblast (safe; 1% risk of failure)
Confirm with . or Enter, or press ? or * to list all spells.
The spell is extremely dangerous to miscast (30% risk of failure)!
Continue anyway?
Aiming: Petrify (extremely dangerous; 30% risk of failure)
Press: ? - help, Shift-Dir - straight line, f - Dowan
Aim: Dowan, wielding a +0 dagger and wearing a +0 robe (fast, weak-willed, chance to affect: 59%) Dowan is moving more slowly.
Dowan hits you but does no damage.
Dowan shakes with grief.
Dowan hits you with a +0 dagger.
* * * LOW HITPOINT WARNING * * *
You feel better. Dowan hits you with a +0 dagger.
Casting: Petrify (extremely dangerous; 30% risk of failure)
Confirm with . or Enter, or press ? or * to list all spells.
You don't have enough magic to cast this spell.
Casting: Petrify (extremely dangerous; 30% risk of failure)
Confirm with . or Enter, or press ? or * to list all spells.
Aiming: Sandblast (safe; 1% risk of failure)
Press: ? - help, Shift-Dir - straight line, f/p - Dowan
Aim: Dowan, wielding a +0 dagger and wearing a +0 robe (fast, petrifying slowly, weak-willed, 100% to hit)
Okay, then.
Dowan barely misses you. Dowan closely misses you.
The iguana attacks as you move away! The iguana bites you.
Dowan hits you with a +0 dagger.
* * * LOW HITPOINT WARNING * * *
The iguana hisses menacingly.
The iguana attacks as you move away! The iguana bites you!
You die...

#.#...#....................
.....###.....####.#........
...#. ##.....####.#........
.#.####.............##.....
#..#.##...................
#.......###...............
......#.####.....##........
#.(...#......l.)##.........
#...........@e.............
#.##......................)
. #................#......
....##.........####......
....# #.........# ......
#... .......##...# ......
##. .###...>. .....
#........#..


You could see Dowan (fast, petrifying, weak-willed) and an iguana (weak-willed).

Vanquished Creatures
  Duvessa (D:4)
  A black bear (D:3)
  7 adders
  A shadow imp (D:3)
  A worm (D:3)
  A dart slug (D:2)
  3 orcs (D:3)
  6 ball pythons
  14 endoplasms
  A giant cockroach (D:1)
  6 goblins
  8 hobgoblins
  6 jackals (D:1)
  10 kobolds
  5 quokkas
  6 bats
  2 frilled lizards
  7 rats
86 creatures vanquished.

Notes
Turn   | Place    | Note
-------+----------+-------------------------------------------
     0 | D:1      | Atelerd the Octopode Earth Elementalist began the quest for
                  | the Orb.
     0 | D:1      | Reached XP level 1. HP: 11/11 MP: 3/3
   277 | D:1      | Reached XP level 2. HP: 17/17 MP: 1/5
   827 | D:1      | Reached XP level 3. HP: 20/21 MP: 4/6
  2027 | D:2      | Found Mutiuroesau's Armour Boutique.
  2054 | D:2      | Reached skill level 4 in Earth Magic
  2054 | D:2      | Reached XP level 4. HP: 27/27 MP: 2/7
  2676 | D:3      | Noticed a black bear
  2737 | D:3      | Learned a level 4 spell: Petrify
  3087 | D:3      | Killed a black bear
  3088 | D:3      | Reached XP level 5. HP: 31/31 MP: 5/9
  3699 | D:3      | Found a shimmering altar of Xom.
  3798 | D:3      | Reached XP level 6. HP: 36/36 MP: 10/10
  4110 | D:3      | Identified the +0 leather armour of the Tomato {rF+ rN+
                  | Str-3 Int+5}
  4358 | D:4      | Noticed Duvessa
  4441 | D:4      | Noticed Dowan
  4450 | D:4      | Killed Duvessa
  4451 | D:4      | Reached skill level 5 in Earth Magic
  4460 | D:4      | Slain by an iguana

Illustrated notes

Levels and vault maps discovered:
D:1:      nzn_arrival_settlement, layout_basic, serial_co_window_serial,
          co_window_paths_b, co_window_corner_a, co_window_paths_b,
          co_window_corner_a, co_window_paths_a, co_window_corner_a,
          co_window_cross_1, co_window_corner_cb, co_window_unsneaky_path_a,
          co_window_of_opportunity_c, co_window_of_opportunity_b,
          co_window_4corner_a, glass_columns_a, hangedman_decor_clover_reticule,
          minmay_pentomino_s2
D:2:      layout_basic, serial_shops, nicolae_shop_advertising_works
          [nicolae_subvault_shop_adworks]
D:3:      minmay_bubble_buster, layout_rooms, tgw_xom
D:4:      layout_cave_pools, uniq_duvessa

Skill      XL: |  1  2  3  4  5  6 |
---------------+-------------------+-----
Earth Magic    | 4 5 |  5.0
Transmutations | 2 3 |  3.0
Stealth        | 3 4 |  4.9
Spellcasting   | 3 |  3.2
Fighting       | |  0.1
Dodging        | |  2.0

Action                   |  1- 3 |  4- 6 || total
-------------------------+-------+-------++-------
Melee: Unarmed           |     9 |       ||     9
       Tentacles         |     6 |    14 ||    20
       Constrict         |     4 |     9 ||    13
       Dagger            |    18 |    54 ||    72
       Punch             |     1 |     2 ||     3
 Cast: Sandblast         |    31 |    51 ||    82
       Petrify           |       |     4 ||     4
  Use: Potion            |       |     5 ||     5
       Scroll            |       |     1 ||     1
 Stab: Sleeping          |     3 |     8 ||    11
       Petrified         |       |    14 ||    14
Armor: Skin              |     4 |    11 ||    15
Dodge: Dodged            |    15 |    62 ||    77
Block: Other             |       |     3 ||     3
